[Event "SixDays Budapest IM-B 10-2024"]
[Site "Budapest"]
[Date "2024.10.03"]
[Round "6.1"]
[White "Bhagat Kush"]
[Black "Gatineau, Yovann"]
[Result "1/2-1/2"]
[ECO "C45"]
[WhiteElo "2245"]
[BlackElo "2400"]
[Annotator "TA"]
[PlyCount "184"]
[EventDate "2024.09.24"]
[EventType "tourn"]
[EventCountry "HUN"]
[SourceTitle "playchess.com"]
[Source "ChessBase"]
[SourceQuality "1"]
[TimeControl "5400+30"]

1. e4 e5 2. Nf3 Nc6 3. d4 exd4 4. Nxd4 Nf6 5. Nxc6 bxc6 6. e5 Qe7 7. Qe2 Nd5 8. h4 d6 9. c4 Nb6 10. exd6 Qxe2+ 11. Bxe2 Bxd6 12. Nc3 Be6 13. b3 Be5 14. Bb2 O-O-O 15. Rd1 Rhe8 16. O-O Bf6 17. Bf3 Kb7 18. Rxd8 Rxd8 19. Rd1 {[%emt 0:00:19] Repels Rd2} Re8 20. Re1 Rd8 21. Rd1 {[%emt 0:00:37] Against Rd3} (21. Re2 $14) 21... Rd6 22. c5 Rxd1+ 23. Nxd1 Bxb2 24. Nxb2 $11 {[%emt 0:00:06][%mdl 4096] Endgame. KBN-KBN} Nd7 25. Nd3 a5 26. Kf1 Bf5 27. Ke2 Bxd3+ 28. Kxd3 Nxc5+ {[%emt 0:00:08] KB-KN} 29. Kc4 Kb6 30. g4 Nd7 31. Be2 h6 32. f4 Nf8 {[%emt 0:01:52] White should prevent ...Ng6.} 33. Bd3 Ne6 34. f5 Nf4 (34... Nc5 $15) 35. Be4 f6 36. Bf3 c5 37. Be4 Ne2 38. Bd3 Nf4 39. Be4 $1 c6 40. Bf3 g5 41. h5 Nh3 42. Be2 Ng1 43. Bd1 Nh3 44. Be2 Nf4 (44... Nf2 $5 45. Bf3 $8 Kc7 46. Kxc5 Nd3+ 47. Kd4 Ne5 $11) 45. Bf3 Kc7 {[%emt 0:00:31] Threatens to win with ...Kd6.} 46. Kxc5 {[%emt 0:00:36][%cal Of3e4] And now Be4! would win.} Nd3+ 47. Kd4 Nc1 48. Kc5 Nd3+ 49. Kd4 Ne5 50. Be2 Kd6 51. a3 $2 (51. Bd1 $11) 51... c5+ $19 52. Ke4 Nc6 $2 (52... Kc6 $19 {White must now prevent ...Kd6.} 53. Ke3 Kd5) 53. Bf1 (53. Kd3 $11 {remains equal.}) 53... Ne7 (53... Nd4 $1 $17 54. b4 Nb3 (54... axb4 55. axb4 Nb3 56. bxc5+ Nxc5+ 57. Ke3 $11) 55. bxc5+ Kxc5 (55... Nxc5+ 56. Kd4 $11)) 54. Bc4 $11 Nc8 55. Bb5 Nb6 56. a4 Nd5 57. Ba6 Nb4 58. Bb5 (58. Bb7 $1 $11) 58... Nd5 $2 (58... Nc2 $1 $19 {[%cal Rc2d4] Hoping for ...Nd4.} 59. Kd3 Nd4) 59. Ba6 Nb6 {[%emt 0:00:35] ...Nd7 is the strong threat.} 60. Bb5 Kc7 61. Ba6 Kc6 (61... Kd6 $5) 62. Bb5+ Kd6 63. Bf1 $2 (63. Be2 $11 {and White stays safe.}) 63... Nd7 $19 64. Bb5 {[%emt 0:00:13] White wants to mate with Bxd7.} Ne5 65. Be2 Kc6 {[%emt 0:00:10] aiming for ...Kd6.} 66. Bb5+ $1 Kd6 67. Be2 c4 $1 68. bxc4 $2 (68. Bxc4 Nxg4 69. Kd4) 68... Kc5 69. Ke3 Nd7 (69... Nxc4+ $142 70. Ke4 Nb2 (70... Nd6+ $2 71. Ke3 $19)) 70. Kd3 {[%emt 0:01:19] [#]} Nb6 $1 71. Bd1 Nxc4 (71... Kb4 $142 72. Kd4 Nxc4) 72. Ke4 Ne5 73. Be2 Nc6 $2 (73... Nd7 {...Nb6 would now be deadly.} 74. Bf1 Nb6) 74. Bb5 $2 (74. Bd1) 74... Ne7 75. Bd3 Nd5 76. Bc2 Nb6 (76... Nc3+ $142 77. Kd3 Nd5 (77... Kb4 78. Kd4 $19) 78. Bb3 Nb6 79. Kc3 Nd7 80. Bc2 Ne5 81. Bd1 Kd5 82. Be2 Ke4 83. Bf1 Nxg4 84. Bg2+ Kxf5 85. Bh1 Ne5 86. Kd4 Kf4 87. Kc5 f5 88. Bd5 g4 89. Bg2 g3 90. Bh3 Kf3 91. Kd5 Nf7 92. Kd4 g2 93. Kd5 g1=Q (93... g1=R $2 94. Bxf5 Rg5 95. Ke6 $19) 94. Bxf5 Qb6 (94... Qd1+ 95. Kc6 Qd6+ 96. Kb7 Qd5+ 97. Kb8 Qc6 98. Be6 Qxe6 99. Kb7 Qd6 100. Kc8 Qc6+ 101. Kb8 Nd8 102. Ka7 Qb7#) 95. Bg6 Qd6+ 96. Kc4 Ne5+ 97. Kb5 Qb4+ 98. Ka6 Nd7 (98... Qxa4 99. Kb6 Qb4+ 100. Kc7 Qc5+ 101. Kd8 Qd6+ 102. Ke8 Kf4 103. Bf5 Kg5 104. Bh3 Kf6 105. Bg2 Qe7#) 99. Be4+ Kxe4 100. Ka7 Qb8+ 101. Ka6 Qb6#) 77. Bb3 Kb4 $1 78. Bc2 Nxa4 79. Kd5 Nc5 80. Kd6 Kc3 $1 (80... a4 81. Bxa4 Nxa4 82. Ke6 $11) 81. Bd1 Kd4 82. Bc2 Kc3 (82... a4 $142 83. Bb1 Ne4+ 84. Ke6 Ke3 (84... a3 $2 85. Ba2 $19) 85. Kf7 a3 86. Ba2 Kf4 87. Kg7 Kxg4 88. Bb3 Kxh5 (88... Kxf5 89. Kxh6 g4 90. Kg7 g3 91. h6 g2 92. h7 g1=Q+ 93. Kf8 Qc5+ 94. Kg8 Qc8+ 95. Kg7 Qc7+ 96. Kh6 Qg3 97. h8=N Qxb3 98. Ng6 Ng5 99. Kh5 Qd1+ 100. Kh6 Qh1+ 101. Nh4+ Qxh4+ 102. Kg7 Qh7+ 103. Kf8 Qf7#) 89. Bf7+ Kh4 90. Kg6 g4 91. Bd5 Nc3 92. Bg2 a2 93. Kxf6 a1=Q (93... a1=B $2 94. Kg6 $19) 94. Ke7 Qa7+ 95. Kf6 Qb6+ 96. Ke5 Kg5 97. Bc6 Qc5+ (97... Qxc6 98. Kd4 Kxf5 99. Ke3 Ne4 100. Ke2 Qc2+ 101. Ke1 Qf2+ 102. Kd1 Qd2#) 98. Ke6 Qxc6+ 99. Ke7 Nd5+ (99... Kxf5 100. Kd8 Qb7 101. Ke8 Ke6 102. Kf8 Qf7#) (99... g3 100. Kd8 g2 101. Ke7 g1=Q 102. Kf8 Qa7 103. Kg8 Qe8#) 100. Kf7 Qc7+ (100... Kxf5 101. Kg7 Qc7+ 102. Kxh6 Qe7 103. Kh5 Qh7#) (100... g3 101. Kg8 Qf6 102. Kh7 Qf8 103. f6 Nxf6#) 101. Kg8 Kf6 102. Kh8 Qg7#) 83. Bd1 $1 Kd4 (83... Nb3 $19 84. Ke6 a4) 84. Bc2 $1 a4 85. Bxa4 Nxa4 {[%emt 0:00:05] KN-K3P} 86. Ke6 Nc5+ $2 (86... Ke4 87. Kxf6 Kf4 88. Kg6 Kxg4 89. f6 Nc5 90. Kxh6 Nd7 91. f7 Kh4 92. Kg6 Ne5+ 93. Kg7 Nxf7 (93... Kxh5 $2 {loses.} 94. f8=Q $18) 94. Kxf7 Kxh5 95. Kf8 g4 96. Kf7 g3 97. Ke6 g2 98. Kd5 g1=Q (98... g1=B 99. Ke6 $11) 99. Kc4 Qb6 100. Kc3 Qc5+ 101. Kb3 Kg4 102. Ka2 Kf4 103. Kb3 Ke4 104. Ka4 Kd3 105. Kb3 Qb6+ 106. Ka3 Kc3 107. Ka4 Qb4#) 87. Kxf6 $11 Kd5 {[%emt 0:00:32] ( -> ...Kd6)} (87... Ke3 $5 88. Ke7 $8 Ne4 $11) 88. Kg6 $2 (88. Ke7 $11) 88... Ke5 89. f6 {[%emt 0:00:21] [#]} Nd7 $1 90. f7 Ke6 $2 (90... Kf4 {mates} 91. Kg7 Kxg4 92. Kxh6 Kh4 93. Kg6 Ne5+ 94. Kg7 Nxf7 (94... Kxh5 $2 {too greedy.} 95. f8=Q $18) 95. Kxf7 Kxh5 96. Kg7 g4 97. Kf7 g3 98. Ke6 Kg5 99. Kf7 Kf4 100. Kf8 g2 101. Ke7 g1=Q (101... g1=R {gets mated.} 102. Kd6 Rd1+ 103. Kc6 Ke5 104. Kc5 Rc1+ 105. Kb4 Kd5 106. Kb3 Kd4 107. Kb4 Rb1+ 108. Ka4 Kc3 109. Ka5 Kc4 110. Ka6 Kc5 111. Ka7 Kc6 112. Ka8 Kc7 113. Ka7 Ra1#) 102. Kd6 Qd4+ 103. Kc7 Qc5+ 104. Kb8 Ke5 105. Kb7 Qb5+ 106. Kc7 Ke6 107. Kc8 Kd6 108. Kd8 Qd7#) 91. Kxh6 Kf6 92. f8=Q+ Nxf8 {[%emt 0:00:05] Weighted Error Value: White=0.26 (precise) /Black=0.17 (very precise) .  Loses game:     	White=4     	---        Missed win:     	---       	Black=2      Mistake:       	White=3     	Black=2      Inaccurate:     	White=5     	Black=4      OK:         	White=25    	Black=22     Best:        	White=6     	Black=7      Strong:       	White=3     	Black=1} 1/2-1/2

[Event "SixDays Budapest IM-B 10-2024"]
[Site "Budapest"]
[Date "2024.10.03"]
[Round "6.2"]
[White "Kao, Jamison Edrich"]
[Black "Kalosha, Zhiulien Oleksii"]
[Result "1/2-1/2"]
[ECO "C48"]
[WhiteElo "2125"]
[BlackElo "2232"]
[Annotator "RC"]
[PlyCount "53"]
[EventDate "2024.09.24"]
[EventType "tourn"]
[EventCountry "HUN"]
[SourceTitle "playchess.com"]
[Source "ChessBase"]
[SourceQuality "1"]
[TimeControl "5400+30"]

1. e4 e5 2. Nf3 Nc6 3. Nc3 Nf6 4. Bb5 Bd6 5. a3 a6 6. Bc4 Bc5 7. O-O d6 8. h3 O-O 9. d3 Be6 10. Nd5 h6 11. Be3 Nd4 12. c3 Nxf3+ 13. Qxf3 Bxd5 14. Bxd5 Bxe3 15. Qxe3 Nxd5 16. exd5 f5 17. f4 Qf6 18. Rae1 Rae8 19. Re2 Qf7 20. Qf3 exf4 21. Rxe8 Qxe8 22. Qxf4 Qe2 23. Qc4 Rf7 24. Qb3 b5 25. c4 f4 26. cxb5 axb5 27. Qxb5 1/2-1/2

[Event "SixDays Budapest IM-B 10-2024"]
[Site "Budapest"]
[Date "2024.10.03"]
[Round "6.3"]
[White "Horvath, David"]
[Black "Nanditha V"]
[Result "1/2-1/2"]
[ECO "E62"]
[WhiteElo "2327"]
[BlackElo "1903"]
[Annotator "RC"]
[PlyCount "67"]
[EventDate "2024.09.24"]
[EventType "tourn"]
[EventCountry "HUN"]
[SourceTitle "playchess.com"]
[Source "ChessBase"]
[SourceQuality "1"]
[TimeControl "5400+30"]

1. d4 Nf6 2. c4 g6 3. Nf3 Bg7 4. g3 O-O 5. Bg2 d6 6. O-O Nc6 7. Nc3 e5 8. dxe5 dxe5 9. Bg5 Be6 10. Qa4 h6 11. Rad1 Qc8 12. Bxf6 Bxf6 13. Nd2 Nd4 14. e3 Nf5 15. Nde4 Be7 16. Nd5 Bxd5 17. Rxd5 c6 18. Rd2 Qc7 19. Rfd1 Rfd8 20. Bh3 a6 21. Qc2 Rxd2 22. Rxd2 Rd8 23. c5 Qa5 24. Rxd8+ Qxd8 25. b4 Ng7 26. Nd2 f5 27. Nb3 Kf8 28. e4 Qd7 29. Na5 Ne6 30. exf5 Nd4 31. Qe4 gxf5 32. Qe3 Bg5 33. Qd3 Ke7 34. Nb3 1/2-1/2

[Event "SixDays Budapest IM-B 10-2024"]
[Site "Budapest"]
[Date "2024.10.03"]
[Round "6.3"]
[White "Bhagat Kush"]
[Black "Gatineau, Yovann"]
[Result "*"]
[ECO "E62"]
[WhiteElo "2245"]
[BlackElo "2400"]
[Annotator "RC"]
[PlyCount "20"]
[EventDate "2024.09.24"]
[EventType "tourn"]
[EventCountry "HUN"]
[SourceTitle "playchess.com"]
[Source "ChessBase"]
[SourceQuality "1"]
[TimeControl "5400+30"]

1. d4 Nf6 2. c4 g6 3. Nf3 Bg7 4. g3 O-O 5. Bg2 d6 6. O-O Nc6 7. Nc3 e5 8. dxe5 dxe5 9. Bg5 Be6 10. Qa4 h6 *

[Event "SixDays Budapest IM-B 10-2024"]
[Site "Budapest"]
[Date "2024.10.03"]
[Round "6.4"]
[White "Md Imran"]
[Black "To, Nhat Minh"]
[Result "1/2-1/2"]
[ECO "A45"]
[WhiteElo "2337"]
[BlackElo "2300"]
[Annotator "TA"]
[PlyCount "47"]
[EventDate "2024.09.24"]
[EventType "tourn"]
[EventCountry "HUN"]
[SourceTitle "playchess.com"]
[Source "ChessBase"]
[SourceQuality "1"]
[TimeControl "5400+30"]

1. d4 Nf6 2. Bg5 d5 3. e3 c5 4. Bxf6 gxf6 5. dxc5 e6 6. c4 dxc4 7. Qxd8+ Kxd8 8. Bxc4 Bxc5 9. Nf3 Ke7 10. Ke2 Nc6 11. Rc1 Bb6 12. Nc3 Ne5 13. Nxe5 fxe5 14. a4 a6 15. a5 Ba7 16. Bd3 Bd7 17. b4 f5 18. e4 Rac8 19. exf5 exf5 20. Nd5+ Kd6 21. Ne3 e4 22. Bc4 Ke5 ({Black should try} 22... f4 $17 23. Rd1+ Kc7 24. Nd5+ Kb8) 23. Rd1 $11 Bc6 {[%emt 0:04:20] Prevents Rd5+} 24. Rac1 {[%emt 0:02:06] Weighted Error Value: White=0.10 (very precise) /Black=0.10 (very precise) .  Mistake:       	White=1     	Black=1      Inaccurate:     	White=2     	Black=1      OK:         	White=7     	Black=6      Best:        	White=1     	Black=2} ({Better is} 24. Rab1 $1 $11) 1/2-1/2

[Event "SixDays Budapest IM-B 10-2024"]
[Site "Budapest"]
[Date "2024.10.03"]
[Round "6.5"]
[White "Fodor, Balazs"]
[Black "Nemeth, Zalan"]
[Result "1/2-1/2"]
[ECO "A06"]
[WhiteElo "2240"]
[BlackElo "2211"]
[Annotator "RC"]
[PlyCount "38"]
[EventDate "2024.09.24"]
[EventType "tourn"]
[EventCountry "HUN"]
[SourceTitle "playchess.com"]
[Source "ChessBase"]
[SourceQuality "1"]
[TimeControl "5400+30"]

1. Nf3 d5 2. b3 Nf6 3. Bb2 c6 4. g3 Bg4 5. Bg2 Nbd7 6. O-O Bxf3 7. exf3 e6 8. f4 Be7 9. d3 O-O 10. Nd2 a5 11. a3 b5 12. Qe2 Rb8 13. Rfe1 Bd6 14. Nf3 c5 15. Ne5 Qc7 16. Nxd7 Nxd7 17. Qg4 d4 18. a4 b4 19. Qf3 Rbe8 1/2-1/2